Cogmind - Beta 10.1 @@@ ROGUE MODE // 2021.07.01 @ 19:24:32 // Winter2019/RPGLIKE Player: Farfid Result: Destroyed by H-77 Assassin with Coil Gun Performance ------------- Evolutions (7) 3500 Regions Visited (28) 5600 Robots Destroyed (1169) 5845 Value Destroyed (51281) 51281 Prototype IDs (103) 2060 Alien Tech Used (0) 0 Bonus (53317) 53317 TOTAL SCORE: 121603 Bonus ------- Triggered High Security 2000 Triggered Max Security 1000 High Alert Combat Kills 32878 Follower Combat Kills 723 Aligned with FarCom 300 Met Data Miner 300 Met Imprinter 300 Triggered Deep Caves Wall 500 Exposed GOLEM Chamber 500 Met Warlord at Base 500 MAIN.C Attacked Warlord 500 Warlord Defense Kill 13732 Scanned by Researcher 500 Friendly Fire -416 Cogmind --------- Core Integrity 0/1750 Matter 999/1000 Energy 26/700 System Corruption 11% Temperature Cool (0) Movement Core (600) Ox11 Location -3/Quarantine Parts ------- > --- POWER (2) -------- Vortex Chain Reactor > --- PROPULSION (4) --- Combat Gravmag System Combat Gravmag System Cooled Antigrav System > --- UTILITY (9) ------ Fusion Compressor Advanced Power Amplifier Experimental Matter Compressor Experimental Targeting Computer Experimental Core Analyzer Advanced Kinecellerator Advanced Reaction Control System Improved Force Field Long-range Tractor Beam > --- WEAPON (8) ------- Hypervelocity Railgun Helical Railgun XL Autogun Array > --- INVENTORY (6) ---- Protomatter-88 Protomatter-85 Protomatter-84 Protomatter-51 Recoil Nullifier System Restoration Module Peak State ------------ > --- POWER ------------ Vortex Chain Reactor > --- PROPULSION ------- Zionite Glidesys I Cooled Gravmag System Combat Gravmag System Combat Gravmag System > --- UTILITY ---------- Advanced Power Amplifier Experimental Matter Compressor Experimental Terrain Scanner Experimental Targeting Computer Experimental Core Analyzer Advanced Kinecellerator Reaction Control System Advanced Reaction Control System Improved Force Field > --- WEAPON ----------- Hypervelocity Railgun Helical Railgun XL Autogun Array > --- INVENTORY -------- Protomatter Protomatter Protomatter Protomatter Recoil Nullifier System Restoration Module [Rating: 169] Favorites ----------- Power Cooled Deuterium Engine Engine Cooled Deuterium Engine Power Core Enhanced Fission Core Reactor Zionite Light DM Reactor Propulsion Wheel Leg Zionite Composite Leg I Wheel Wheel Hover Unit Combat Gravmag System Utility Experimental Terrain Scanner Device Experimental Terrain Scanner Storage Zionite Biocell Processor Enhanced Optical Array Hackware Advanced System Shield Protection Layered Medium Armor Plating Weapon XL Autogun Array Energy Gun Improved Medium Laser Energy Cannon Particle Cannon Ballistic Gun XL Autogun Array Ballistic Cannon Compact Linear Accelerator Build | -11 -10 -10 -9 -9 -9 -8 -8 -7 -7 -7 -7 -6 -6 -6 -6 -6 -6 -5 -5 -5 -5 -5 -4 -4 -4 -4 -3 -3 ------- Run | Scr Mat Min Mat Min Exi Min Mat Fac Low Low Dat Pro Fac Low Low Zio Dee Pro Fac Upp Upp War Pro Fac Arm Lab Res Qua Slots Evolved 19 | 2 . . 1 1 1 . 1 4 . . . . 3 . . . 1 . 1 . . 1 . . 1 . . 2 Power 1 | . . . . . . . . 1 . . . . . . . . . . . . . . . . . . . . Propulsion 3 | 1 . . . . . . . 1 . . . . . . . . 1 . . . . . . . . . . . Utility 8 | . . . . 1 . . 1 2 . . . . 3 . . . . . 1 . . . . . . . . . Weapon 7 | 1 . . 1 . 1 . . . . . . . . . . . . . . . . 1 . . 1 . . 2 Parts Attached 136 | 5 2 . 13 2 1 1 2 14 . . . 2 15 2 . 2 17 . 27 1 . 16 2 . 5 . 6 1 Power 17 | 1 . . 2 . . 1 . 5 . . . 1 1 . . . 2 . 3 . . 1 . . . . . . Engine 8 | 1 . . 2 . . . . 4 . . . 1 . . . . . . . . . . . . . . . . Core 5 | . . . . . . 1 . 1 . . . . . . . . . . 3 . . . . . . . . . Reactor 4 | . . . . . . . . . . . . . 1 . . . 2 . . . . 1 . . . . . . Propulsion 27 | 2 . . 5 1 . . . 1 . . . . 4 . . . 9 . 3 . . . . . . . 2 . Treads . | . . . . . . . . . . . . . . . . . . . . . . . . . . . . . Leg 2 | . . . . . . . . . . . . . . . . . 2 . . . . . . . . . . . Wheel 14 | 2 . . 5 1 . . . 1 . . . . 4 . . . 1 . . . . . . . . . . . Hover 11 | . . . . . . . . . . . . . . . . . 6 . 3 . . . . . . . 2 . Flight . | . . . . . . . . . . . . . . . . . . . . . . . . . . . . . Utility 76 | . 1 . . 1 . . 2 8 . . . 1 8 2 . 2 6 . 21 1 . 12 2 . 4 . 4 1 Device 46 | . . . . . . . 1 2 . . . . 3 2 . 1 3 . 16 1 . 7 2 . 4 . 3 1 Storage 5 | . . . . . . . . . . . . . . . . . 1 . 1 . . 2 . . . . 1 . Processor 13 | . 1 . . . . . . 4 . . . . 1 . . 1 . . 3 . . 3 . . . . . . Hackware 3 | . . . . . . . . . . . . . 2 . . . . . 1 . . . . . . . . . Protection 9 | . . . . 1 . . 1 2 . . . 1 2 . . . 2 . . . . . . . . . . . Artifact . | . . . . . . . . . . . . . . . . . . . . . . . . . . . . . Weapon 16 | 2 1 . 6 . 1 . . . . . . . 2 . . . . . . . . 3 . . 1 . . . Energy Gun 6 | 2 1 . 3 . . . . . . . . . . . . . . . . . . . . . . . . . Energy Cannon 1 | . . . 1 . . . . . . . . . . . . . . . . . . . . . . . . . Ballistic Gun 8 | . . . 2 . 1 . . . . . . . 2 . . . . . . . . 2 . . 1 . . . Ballistic Cannon 1 | . . . . . . . . . . . . . . . . . . . . . . 1 . . . . . . Launcher . | . . . . . . . . . . . . . . . . . . . . . . . . . . . . . Special Weapon . | . . . . . . . . . . . . . . . . . . . . . . . . . . . . . Impact Weapon . | . . . . . . . . . . . . . . . . . . . . . . . . . . . . . Slashing Weapon . | . . . . . . . . . . . . . . . . . . . . . . . . . . . . . Piercing Weapon . | . . . . . . . . . . . . . . . . . . . . . . . . . . . . . Special Melee Weapon . | . . . . . . . . . . . . . . . . . . . . . . . . . . . . . Unidentified Prototypes 28 | . . . . . . . . 2 . . . . 1 . . . 7 . 8 . . 8 . . . . 2 . Parts Lost 1 | . . . . . . . . . . . . . . . . . . . . . . . . . . . . 1 Power . | . . . . . . . . . . . . . . . . . . . . . . . . . . . . . Propulsion 1 | . . . . . . . . . . . . . . . . . . . . . . . . . . . . 1 Utility . | . . . . . . . . . . . . . . . . . . . . . . . . . . . . . Weapon . | . . . . . . . . . . . . . . . . . . . . . . . . . . . . . Highest Loss Streak 1 | . . . . . . . . . . . . . . . . . . . . . . . . . . . . 1 Average Slot Usage (%) 81 | . 97 100 99 100 80 66 67 76 78 78 78 78 80 82 82 82 82 83 83 84 84 80 80 80 80 80 80 77 Engine 5 | . 16 16 15 12 11 3 . 7 14 14 14 14 6 5 5 5 1 . . . . . . . . . . . Core 1 | . . . . . . 7 10 1 . . . . . . . . . . 4 5 5 . . . . . . . Reactor 3 | . . . . . . . . . . . . . 4 5 5 5 9 11 5 5 5 5 5 5 4 4 4 4 Wheel 12 | . 33 33 32 25 23 22 21 21 21 21 21 21 17 17 17 17 4 . . . . . . . . . . . Hover 8 | . . . . . . . . . . . . . . . . . 16 22 21 21 21 20 20 20 19 19 19 18 Device 17 | . . . . . . . 4 7 7 7 7 7 14 20 23 23 22 22 29 31 31 28 30 30 28 28 28 27 Storage 2 | . . . . . . . . . . . . . . . . . 3 5 5 5 5 7 5 5 4 4 4 4 Processor 14 | . 13 16 15 12 11 11 10 20 21 21 21 21 18 17 17 17 16 16 8 5 5 9 10 10 9 9 9 8 Hackware 1 | . . . . . . . . . . . . . 3 1 . . . . 2 5 5 . . . . . . . Protection 3 | . . . . 10 11 11 10 6 7 7 7 7 5 5 5 5 1 . . . . . . . . . . . Energy Gun 2 | . 33 33 14 37 16 . . . . . . . . . . . . . . . . . . . . . . . Ballistic Gun 7 | . . . 14 . 5 11 10 7 7 7 7 7 5 5 5 5 5 5 5 5 5 8 10 10 13 14 14 13 Naked Turns . | . . . . . . . . . . . . . . . . . . . . . . . . . . . . . Heaviest Build 94 | 7 8 8 16 19 25 25 24 48 48 48 48 48 59 60 60 63 63 49 72 65 65 87 83 83 92 90 90 94 Greatest Support 99 | 25 25 25 27 25 25 25 25 35 35 35 35 35 43 35 35 35 93 93 99 94 94 94 94 94 94 94 97 97 Greatest Overweight (x) 2 | . . . . . . . . 1 1 1 1 1 2 1 1 1 2 . . . . . . . . . . . Average Overweight (x) . | . . . . . . . . . 1 1 1 1 1 1 1 1 . . . . . . . . . . . . Largest Inventory Capacity 6 | 1 1 1 1 1 1 1 2 4 4 4 4 5 6 6 6 6 6 6 6 6 6 6 6 6 6 6 6 6 Average Capacity 4 | . 1 1 1 1 1 1 1 3 4 4 4 4 5 6 6 6 6 6 6 6 6 6 6 6 6 6 6 6 Most Carried 6 | . . . 1 1 . 1 2 4 4 4 4 5 6 6 6 6 6 6 6 6 6 6 6 6 6 6 6 6 Average Carried 4 | . . . . . . . 1 3 4 4 4 3 5 6 6 6 5 5 5 6 6 5 6 6 5 6 6 5 Final Capacity 6 | 1 1 1 1 1 1 1 2 4 4 4 4 5 6 6 6 6 6 6 6 6 6 6 6 6 6 6 6 6 Final Carried 6 | . . . 1 . . 1 2 4 4 4 4 5 6 6 6 6 6 5 6 6 6 6 6 6 6 6 6 6 Class Distribution -------------------- 40% | Scavenger-Gunner 31% | Scavenger-Scout 21% | Gunner 4% | Mutant Dominant Class ---------------- Mutant | -10/Materials Mutant | -10/Mines Mutant | -9/Materials Scavenger-Gunner | -9/Mines Scavenger-Gunner | -9/Exiles Scavenger-Gunner | -8/Mines Scavenger-Gunner | -8/Materials Gunner | -7/Factory Gunner | -7/Lower Caves Gunner | -7/Lower Caves Gunner | -7/Data Miner Gunner | -6/Proximity Caves Scavenger-Gunner | -6/Factory Scavenger-Gunner | -6/Lower Caves Scavenger-Gunner | -6/Lower Caves Scavenger-Gunner | -6/Zion Scavenger-Scout | -6/Deep Caves Scavenger-Scout | -5/Proximity Caves Scavenger-Scout | -5/Factory Scavenger-Gunner | -5/Upper Caves Scavenger-Gunner | -5/Upper Caves Scavenger-Scout | -5/Warlord Scavenger-Scout | -4/Proximity Caves Scavenger-Scout | -4/Factory Scavenger-Scout | -4/Armory Scavenger-Scout | -4/Lab Scavenger-Scout | -3/Research Scavenger-Gunner | -3/Quarantine Resources | -11 -10 -10 -9 -9 -9 -8 -8 -7 -7 -7 -7 -6 -6 -6 -6 -6 -6 -5 -5 -5 -5 -5 -4 -4 -4 -4 -3 -3 ----------- Run | Scr Mat Min Mat Min Exi Min Mat Fac Low Low Dat Pro Fac Low Low Zio Dee Pro Fac Upp Upp War Pro Fac Arm Lab Res Qua Matter Collected 27877 | 163 . 107 352 20 60 280 400 2793 598 482 . 525 3791 393 381 916 1794 885 3061 350 240 3791 710 330 1704 . 482 3269 Remotely 13922 | . . . . . . . . . . . . . . . . . . . 3046 350 240 3791 710 330 1704 . 482 3269 Salvage Created 55702 | . . 139 707 785 . 296 591 5669 606 670 . 827 8616 568 830 1228 2399 2090 9611 951 504 6073 1222 562 3048 . 629 7081 Parts 3005 | . . 6 58 36 . 25 52 309 33 45 . 39 514 28 40 100 78 110 526 57 43 329 55 33 172 . 30 287 Haulers Intercepted 31 | . . . 3 . . . 2 6 . . . . 7 . . . . . 9 . . . . . . . 3 1 Recyclers Shooed 4 | . . 1 . . . . . 1 . . . . 1 . . . . . 1 . . . . . . . . . Parts Field Recycled . | . . . . . . . . . . . . . . . . . . . . . . . . . . . . . Retrieved Matter . | . . . . . . . . . . . . . . . . . . . . . . . . . . . . . Parts Self-Destructed 779 | . . . . . . . . . 33 45 . 51 . 31 43 . . 110 . 57 48 306 55 . . . . . Prevented 15 | . . . . . . . . . . . . . . . . . . . . 1 . 14 . . . . . . Kills | -11 -10 -10 -9 -9 -9 -8 -8 -7 -7 -7 -7 -6 -6 -6 -6 -6 -6 -5 -5 -5 -5 -5 -4 -4 -4 -4 -3 -3 ------- Run | Scr Mat Min Mat Min Exi Min Mat Fac Low Low Dat Pro Fac Low Low Zio Dee Pro Fac Upp Upp War Pro Fac Arm Lab Res Qua Combat Hostiles Destroyed 971 | . . 3 25 28 . 12 14 95 11 18 . 17 133 10 12 12 63 31 131 21 11 112 27 8 60 . 2 115 Melee 1 | . . . . . . . . . . . . . 1 . . . . . . . . . . . . . . . Guns 945 | . . 3 22 28 . 10 14 92 11 18 . 17 123 10 12 12 63 31 130 21 11 112 27 8 60 . 2 108 Cannons 3 | . . . 3 . . . . . . . . . . . . . . . . . . . . . . . . . AOE 19 | . . . . . . 2 . 3 . . . . 7 . . . . . 1 . . . . . . . . 6 Classes Destroyed 31 | . . 2 6 3 . 1 1 4 . 1 . 1 2 . . 2 3 . 1 . . 3 . . . . . 1 Worker 38 | . . . 1 1 . . . 13 . . . . 8 . . . . . 13 . . . . . . . 2 . Builder 20 | . . . 4 1 . . 2 2 . . . . 3 . . . . . 8 . . . . . . . . . Tunneler 8 | . . . . 3 . . . 1 . . . . 2 . . . . . 2 . . . . . . . . . Hauler 31 | . . . 3 . . . 2 6 . . . . 7 . . . . . 9 . . . . . . . 3 1 Recycler 20 | . . 1 . 2 . . . 9 . . . . 2 . . . . . 6 . . . . . . . . . Carrier 1 | . . . . . . . . . . . . . 1 . . . . . . . . . . . . . . . Minesweeper 1 | . . . . . . . . . . . . 1 . . . . . . . . . . . . . . . . Mechanic 19 | . . . . . . . . 2 . . . . 3 . . . . . 7 . . 3 . . . . . 4 Operator 6 | . . . . . . . 1 . . . . . 1 . . . . . 2 . . . . 1 1 . . . Watcher 22 | . . . 1 . . . . 1 . . . . 4 . . . . . 6 . . . . 1 4 . 2 3 Swarmer 147 | . . 3 14 8 . 3 5 16 2 7 . 5 15 . 3 . . 6 5 15 2 11 11 . 16 . . . Saboteur 31 | . . . . . . . . . . . . . 2 . . . . . 5 . . 9 . . 8 . . 7 Grunt 334 | . . . 8 4 . 8 5 46 3 9 . 5 60 9 4 . . 19 54 2 1 42 6 3 10 . . 36 Brawler 51 | . . . . 1 . . . 5 3 . . 3 3 . 1 . . . 10 1 1 4 1 . 2 . . 16 Duelist 46 | . . . . . . 1 . 5 . . . 3 6 . . . . 2 3 1 1 3 2 . 5 . . 14 Protector 34 | . . . . . . . . 3 . . . . 9 . . . . 1 6 . . 2 . . 1 . . 12 Sentry 58 | . . . 3 . . . 4 7 2 . . 1 12 1 2 . . 2 12 2 2 . 2 3 3 . . . Demolisher 7 | . . . . . . . . . . . . . . . . . . . 1 . . 4 . . 1 . . 1 Specialist 12 | . . . . . . . . . . . . . . . . . . . . . . 3 . . 6 . . 3 Hunter 60 | . . . . . . . . 8 1 1 . . 14 . . . . . 17 . 2 8 . . 2 . . 7 Programmer 74 | . . . . . . . . 5 . . . . 11 . 1 . . . 18 . 2 12 4 2 5 . 1 13 Behemoth 7 | . . . . . . . . . . 1 . . 1 . 1 . . 1 . . . . 1 . 1 . 1 . Investigator 3 | . . . . . . . . . . . . . . . . . . . . . . . . . . . . 3 Striker 11 | . . . . . . . . . . . . . . . . . . . . . . 9 . . . . . 2 Executioner 9 | . . . . . . . . . . . . . . . . . . . . . . 5 . . . . . 4 Zionite 25 | . . . . . . . . . . . . . . . . 25 . . . . . . . . . . . . Z-Light 9 | . . . . . . . . . . . . . . . . . 9 . . . . . . . . . . . Packrat 1 | . . . . . . . . . 1 . . . . . . . . . . . . . . . . . . . Assembler 2 | . . . . . . . . . . . . . . . . . 2 . . . . . . . . . . . Assembled 64 | . . . . 15 . . . . . . . . . . . . 49 . . . . . . . . . . . Golem 5 | . . . . . . . . . . . . . . . . . 5 . . . . . . . . . . . Thug 2 | . . . . . . . . . . . . . . . . 1 . . . . . 1 . . . . . . Savage 4 | . . . . . . . . . . . . . . . . 4 . . . . . . . . . . . . Mutant 6 | . . . . . . . . . . . . . . . . 6 . . . . . . . . . . . . Best Kill Streak 35 | . . 2 8 6 . 3 6 16 7 7 . 9 17 4 9 13 15 8 29 6 7 19 9 5 21 . 2 35 Combat Bots Only 34 | . . 2 8 5 . 3 5 16 7 7 . 9 16 4 9 5 15 8 18 6 7 17 9 5 20 . 1 34 Max Kills in Single Turn 6 | . . 1 2 2 . 2 2 3 2 1 . 2 6 1 2 2 3 3 4 2 1 2 1 1 2 . 1 6 Gunslinging 1 | . . . 1 1 . . . . . . . . . . . . . . . . . . . . . . . . Exploded 5 | . . . . . . 1 . 3 . . . . 3 . . . . . 1 . . . . . . . . 5 Melee 1 | . . . . . . . . . . . . . 1 . . . . . . . . . . . . . . . Uniques/NPCs Destroyed 1 | . . . . . . . . . . . . . . . . 1 . . . . . . . . . . . . Imprinter (-6/Zion) Combat | -11 -10 -10 -9 -9 -9 -8 -8 -7 -7 -7 -7 -6 -6 -6 -6 -6 -6 -5 -5 -5 -5 -5 -4 -4 -4 -4 -3 -3 -------- Run | Scr Mat Min Mat Min Exi Min Mat Fac Low Low Dat Pro Fac Low Low Zio Dee Pro Fac Upp Upp War Pro Fac Arm Lab Res Qua Damage Taken 16292 | . . 72 1173 576 . 93 125 1042 174 195 . 140 2184 121 105 76 1174 207 1236 143 121 1790 121 67 231 . 108 5018 Core 12530 | . . 58 946 440 . 66 91 742 130 156 . 111 1646 82 61 53 900 158 959 111 96 1408 95 58 183 . 84 3896 Absorbed by Shields 9404 | . . . . . . . . . . . . . 653 49 39 56 582 219 1052 155 127 909 129 69 243 . 111 5011 Redirected to Core 10665 | . . 41 720 331 . 50 76 598 113 95 . 93 1286 76 61 47 834 135 837 89 85 1240 85 27 144 . 84 3518 Core Remaining (%) 99 | 100 . 97 . . . 100 98 . . . . 100 . . . . . 100 . . . . 100 . . 97 . . Volleys Fired 1942 | . 2 12 79 64 1 17 25 189 25 32 . 31 240 22 25 61 108 58 270 34 24 209 47 22 113 . 26 206 Largest 3 | . 2 2 3 3 1 1 1 1 1 1 . 1 1 1 1 1 1 1 1 1 1 2 1 1 1 . 1 1 Hottest 168 | . 90 90 168 168 60 60 60 60 60 60 . 60 60 60 60 60 60 60 60 60 60 75 60 60 60 . 60 60 Shots Fired 2172 | . 4 24 165 192 1 17 25 188 25 32 . 31 239 22 25 61 108 58 270 34 24 216 46 22 113 . 25 205 Gun 2152 | . 4 24 145 192 1 17 25 188 25 32 . 31 239 22 25 61 108 58 270 34 24 216 46 22 113 . 25 205 Cannon 20 | . . . 20 . . . . . . . . . . . . . . . . . . . . . . . . . Launcher . | . . . . . . . . . . . . . . . . . . . . . . . . . . . . . Special . | . . . . . . . . . . . . . . . . . . . . . . . . . . . . . Kinetic 1861 | . . . 74 . 1 17 25 188 25 32 . 31 239 22 25 61 108 58 270 34 24 216 46 22 113 . 25 205 Thermal 311 | . 4 24 91 192 . . . . . . . . . . . . . . . . . . . . . . . . Explosive . | . . . . . . . . . . . . . . . . . . . . . . . . . . . . . Electromagnetic . | . . . . . . . . . . . . . . . . . . . . . . . . . . . . . Robot Hit Streak 102 | . 4 7 16 19 . 28 30 102 23 33 . 19 38 26 37 46 59 49 70 16 21 60 35 34 38 . 16 63 Robot Miss Streak 5 | . . 3 3 4 . 2 3 2 2 3 . 3 4 1 2 2 4 5 3 3 3 2 2 2 1 . 1 3 Penetration Max . | . . . . . . . . . . . . . . . . . . . . . . . . . . . . . Secondary Targets 11 | . . 1 5 5 . . . . . . . . . . . . . . . . . . . . . . . . Max Gunslinging Chain 2 | . . 1 1 2 . . . . . . . . . . . . . . . . . . . . . . . . Shots Hit Robots 1951 | . 4 15 117 117 . 16 24 182 23 32 . 31 230 19 23 60 106 58 251 32 23 204 45 19 102 . 17 201 Core Hits 2144 | . 1 5 42 50 . 19 24 203 19 30 . 26 287 21 20 50 110 56 309 27 20 245 49 24 124 . 20 363 Critical Hits 1 | . . . 1 . . . . . . . . . . . . . . . . . . . . . . . . . Critical Kills . | . . . . . . . . . . . . . . . . . . . . . . . . . . . . . Critical Parts Destroyed 1 | . . . 1 . . . . . . . . . . . . . . . . . . . . . . . . . Melee Attacks . | . . . . . . . . . . . . . . . . . . . . . . . . . . . . . Impact . | . . . . . . . . . . . . . . . . . . . . . . . . . . . . . Slashing . | . . . . . . . . . . . . . . . . . . . . . . . . . . . . . Piercing . | . . . . . . . . . . . . . . . . . . . . . . . . . . . . . Sneak Attacks . | . . . . . . . . . . . . . . . . . . . . . . . . . . . . . Combat Hostiles . | . . . . . . . . . . . . . . . . . . . . . . . . . . . . . Follow-up Attacks . | . . . . . . . . . . . . . . . . . . . . . . . . . . . . . Damage Inflicted 160092 | . 47 141 1874 1904 . 1223 1244 13200 1629 2364 . 2059 21434 1668 1941 4877 8000 5114 25376 2472 1727 20562 4193 2102 9274 . 1690 23977 Guns 154366 | . 47 141 1487 1904 . 1000 1244 12939 1629 2364 . 2059 18706 1668 1941 4877 8000 5114 24699 2472 1727 20562 4193 2102 9274 . 1690 22527 Cannons 387 | . . . 387 . . . . . . . . . . . . . . . . . . . . . . . . . Explosions 5339 | . . . . . . 223 . 261 . . . . 2728 . . . . . 677 . . . . . . . . 1450 Melee . | . . . . . . . . . . . . . . . . . . . . . . . . . . . . . Ramming . | . . . . . . . . . . . . . . . . . . . . . . . . . . . . . Kinetic 151598 | . . . 811 . . 1000 1244 12939 1629 2364 . 2059 18706 1668 1941 4877 8000 5114 24699 2472 1727 20562 4193 2102 9274 . 1690 22527 Thermal 6963 | . 47 141 1063 1904 . 223 . 261 . . . . 1785 . . . . . 509 . . . . . . . . 1030 Explosive 748 | . . . . . . . . . . . . . 580 . . . . . 168 . . . . . . . . . Electromagnetic 783 | . . . . . . . . . . . . . 363 . . . . . . . . . . . . . . 420 Impact . | . . . . . . . . . . . . . . . . . . . . . . . . . . . . . Slashing . | . . . . . . . . . . . . . . . . . . . . . . . . . . . . . Piercing . | . . . . . . . . . . . . . . . . . . . . . . . . . . . . . Highest Corruption 11 | . . . . . . . 4 1 1 1 1 1 4 3 3 3 . . 4 2 3 4 3 . 6 6 2 11 Average Corruption 2 | . . . . . . . 3 1 1 1 1 1 2 3 3 3 . . 2 2 2 2 3 . 4 6 1 3 Corruption Purged 3 | . . . . . . . . . . . . . 1 . . . . . 2 . . . . . . . . . Effects 141 | . . . . . . . 7 2 2 3 . 3 21 7 9 . . . 30 5 3 12 11 . 9 . 4 13 Message Errors 26 | . . . . . . . 2 . 1 . . 2 4 1 . . . . 4 2 . 2 3 . 2 . 1 2 Matter Fused 13 | . . . . . . . 2 . . . . . 5 1 1 . . . 2 . . . . . 2 . . . Heat Flow Errors 19 | . . . . . . . 1 . . . . . 3 1 3 . . . 3 . 2 2 2 . 1 . . 1 Energy Discharges 14 | . . . . . . . . . . 2 . . . 2 . . . . 5 1 . 2 1 . 1 . . . Parts Rejected 1 | . . . . . . . 1 . . . . . . . . . . . . . . . . . . . . . Data Loss (minor) 24 | . . . . . . . . 1 1 1 . 1 3 1 2 . . . 6 2 1 3 1 . 1 . . . Targeting Errors 39 | . . . . . . . 1 . . . . . 5 1 3 . . . 10 . . 3 3 . 2 . 2 9 Weapon Failures 5 | . . . . . . . . 1 . . . . 1 . . . . . . . . . 1 . . . 1 1 Overload Shots . | . . . . . . . . . . . . . . . . . . . . . . . . . . . . . Overflow Damage 581 | . . . . . . . . . . . . . 238 . . . . . 286 . . . . . . . . 57 Projectiles . | . . . . . . . . . . . . . . . . . . . . . . . . . . . . . Explosions 581 | . . . . . . . . . . . . . 238 . . . . . 286 . . . . . . . . 57 Melee . | . . . . . . . . . . . . . . . . . . . . . . . . . . . . . Knockbacks . | . . . . . . . . . . . . . . . . . . . . . . . . . . . . . Impact . | . . . . . . . . . . . . . . . . . . . . . . . . . . . . . Kinetic . | . . . . . . . . . . . . . . . . . . . . . . . . . . . . . Secondary . | . . . . . . . . . . . . . . . . . . . . . . . . . . . . . Self-Inflicted Damage 34 | . . . . . . . . . . . . . 34 . . . . . . . . . . . . . . . Shots 1 | . . . . . . . . . . . . . 1 . . . . . . . . . . . . . . . Rammed . | . . . . . . . . . . . . . . . . . . . . . . . . . . . . . Targets Rammed . | . . . . . . . . . . . . . . . . . . . . . . . . . . . . . Kicked . | . . . . . . . . . . . . . . . . . . . . . . . . . . . . . Crushed . | . . . . . . . . . . . . . . . . . . . . . . . . . . . . . Highest Temperature 402 | . . 4 9 34 2 41 224 402 48 15 . 21 199 113 192 82 163 153 265 36 307 79 176 . 143 . . 141 Average Temperature 31 | . . 4 4 9 2 15 25 27 20 6 . 15 29 46 75 43 40 60 32 14 56 33 84 . 104 . . 83 Received Heat Transfer 3334 | . . . 411 207 . 45 54 294 48 63 . 39 426 44 33 48 236 67 285 36 12 262 16 17 12 . 8 671 Siege Activations . | . . . . . . . . . . . . . . . . . . . . . . . . . . . . . Robots Corrupted 3 | . . . . . . . . . . . . . 2 . . . . . . . . . . . . . . 1 Combat Hostiles 3 | . . . . . . . . . . . . . 2 . . . . . . . . . . . . . . 1 Parts Fried 11 | . . . . . . . . . . . . . 5 . . . . . . . . 1 . . . . . 5 Impact Corruptions . | . . . . . . . . . . . . . . . . . . . . . . . . . . . . . Robots Melted 1 | . . . 1 . . . . . . . . . . . . . . . . . . . . . . . . . Combat Hostiles . | . . . . . . . . . . . . . . . . . . . . . . . . . . . . . Parts Melted 24 | . . 1 6 5 . . . 1 . . . . 3 . . . . . . . . 7 . . . . . 1 Heat Transferred 9909 | . 124 384 2432 4144 . 350 . 200 . . . . 1100 . . . . . 300 . . . . . . . . 875 Parts Sabotaged 2 | . . . . . . . . . . . . 2 . . . . . . . . . . . . . . . . Parts Stolen . | . . . . . . . . . . . . . . . . . . . . . . . . . . . . . Parts Stripped . | . . . . . . . . . . . . . . . . . . . . . . . . . . . . . Power Chain Reactions 4 | . . . . . . . . . . . . . . . . . . . . . . . . . . . . 4 Missiles Intercepted . | . . . . . . . . . . . . . . . . . . . . . . . . . . . . . Alert | -11 -10 -10 -9 -9 -9 -8 -8 -7 -7 -7 -7 -6 -6 -6 -6 -6 -6 -5 -5 -5 -5 -5 -4 -4 -4 -4 -3 -3 ------- Run | Scr Mat Min Mat Min Exi Min Mat Fac Low Low Dat Pro Fac Low Low Zio Dee Pro Fac Upp Upp War Pro Fac Arm Lab Res Qua Peak Influence 4495 | . 64 99 556 541 . 417 732 2163 . . . . 4432 . . . . . 4495 . . . . 838 1954 . 222 4257 Initial 443 | . . 24 38 216 . . 162 252 . . . . 221 . . . . . 443 . . . . 249 410 . . 120 Average 1442 | . 30 55 368 411 . 192 440 1207 . . . . 2077 . . . . . 2255 . . . . 488 1178 . 87 2755 Maximum Alert Level 5 | . . . 2 2 . 2 3 5 . . . . 5 . . . . . 5 . . . . 3 5 . 1 5 Low Security (%) 11 | 100 100 100 9 . . 72 23 . . . . . . . . . . . . . . . . . . . 89 . Level 1 10 | . . . 47 63 . 18 20 6 . . . . 4 . . . . . . . . . . 36 . . 10 . Level 2 12 | . . . 43 36 . 9 51 7 . . . . 5 . . . . . 8 . . . . 51 18 . . . Level 3 13 | . . . . . . . 5 21 . . . . 20 . . . . . 12 . . . . 11 26 . . . Level 4 15 | . . . . . . . . 43 . . . . 14 . . . . . 8 . . . . . 35 . . . Level 5 16 | . . . . . . . . 9 . . . . 26 . . . . . 38 . . . . . 18 . . . High Security 15 | . . . . . . . . 12 . . . . 28 . . . . . 31 . . . . . 1 . . . Max Security 4 | . . . . . . . . . . . . . . . . . . . . . . . . . . . . 99 Sterilizations 2 | . . . . . . . . . . . . . 1 . . . . . 1 . . . . . . . . . Squads Dispatched 143 | . 1 . 1 . . . 3 29 . 1 . 1 36 . . . . 1 33 . . . . . 5 . 2 30 Investigation 23 | . . . 1 . . . 2 6 . 1 . . 8 . . . . . 2 . . . . . 1 . 2 . Extermination 10 | . . . . . . . . 3 . . . . 2 . . . . . 3 . . . . . 2 . . . Reinforcement 16 | . 1 . . . . . 1 5 . . . . 4 . . . . . 5 . . . . . . . . . Assault 85 | . . . . . . . . 12 . . . 1 19 . . . . 1 20 . . . . . 2 . . 30 Garrison 9 | . . . . . . . . 3 . . . . 3 . . . . . 3 . . . . . . . . . Intercept . | . . . . . . . . . . . . . . . . . . . . . . . . . . . . . Construction Impeded 4 | . . . . . . . . 1 . . . . 1 . . . . . 2 . . . . . . . . . Haulers Reinforced 4 | . . . . . . . . 2 . . . . 1 . . . . . 1 . . . . . . . . . Stealth | -11 -10 -10 -9 -9 -9 -8 -8 -7 -7 -7 -7 -6 -6 -6 -6 -6 -6 -5 -5 -5 -5 -5 -4 -4 -4 -4 -3 -3 --------- Run | Scr Mat Min Mat Min Exi Min Mat Fac Low Low Dat Pro Fac Low Low Zio Dee Pro Fac Upp Upp War Pro Fac Arm Lab Res Qua Distress Signals 20 | . . . 5 1 . . 1 3 . . . . . . . . . . 6 . . . . . 2 . 2 . Communications Jammed . | . . . . . . . . . . . . . . . . . . . . . . . . . . . . . Distress Signals . | . . . . . . . . . . . . . . . . . . . . . . . . . . . . . Times Spotted 1302 | . 3 5 39 40 . 10 17 127 11 19 . 22 169 10 13 33 88 29 189 21 12 134 27 12 70 . 9 193 Peak Tracking Total 38 | . 3 3 6 5 . 3 5 12 7 3 . 9 13 4 9 6 38 6 14 7 5 20 9 6 7 . 4 31 Tactical Retreats 65 | . . 1 3 8 . . . 6 . 1 . . 11 . 1 . 6 2 18 1 1 2 1 . 2 . 1 . Traps | -11 -10 -10 -9 -9 -9 -8 -8 -7 -7 -7 -7 -6 -6 -6 -6 -6 -6 -5 -5 -5 -5 -5 -4 -4 -4 -4 -3 -3 ------- Run | Scr Mat Min Mat Min Exi Min Mat Fac Low Low Dat Pro Fac Low Low Zio Dee Pro Fac Upp Upp War Pro Fac Arm Lab Res Qua Traps Triggered 14 | . . . 1 . . . 2 2 . . . . 5 . . . . . . . . . . 1 3 . . . Indirectly . | . . . . . . . . . . . . . . . . . . . . . . . . . . . . . Trap Hack Attempts . | . . . . . . . . . . . . . . . . . . . . . . . . . . . . . Triggered . | . . . . . . . . . . . . . . . . . . . . . . . . . . . . . Disarmed . | . . . . . . . . . . . . . . . . . . . . . . . . . . . . . Reprogrammed . | . . . . . . . . . . . . . . . . . . . . . . . . . . . . . Reused . | . . . . . . . . . . . . . . . . . . . . . . . . . . . . . Traps Extracted . | . . . . . . . . . . . . . . . . . . . . . . . . . . . . . Installed 1 | . . . . . . . . . . . . . . . . . 1 . . . . . . . . . . . Triggered 7 | . . . . . . . . . . 1 . . . 3 . . . . . 1 . 2 . . . . . . Machines | -11 -10 -10 -9 -9 -9 -8 -8 -7 -7 -7 -7 -6 -6 -6 -6 -6 -6 -5 -5 -5 -5 -5 -4 -4 -4 -4 -3 -3 ---------- Run | Scr Mat Min Mat Min Exi Min Mat Fac Low Low Dat Pro Fac Low Low Zio Dee Pro Fac Upp Upp War Pro Fac Arm Lab Res Qua Machines Disabled 124 | . . . 1 . . 5 4 9 . 2 . 1 48 . . . 1 1 16 1 . 2 . 7 14 . 3 9 Max in Single Turn 8 | . . . 1 . . 3 1 2 . 1 . 1 8 . . . 1 1 4 1 . 2 . 4 2 . 1 3 Garrison Access 5 | . . . . . . . . 1 . . . . 2 . . . . . 2 . . . . . . . . . Machines Sabotaged . | . . . . . . . . . . . . . . . . . . . . . . . . . . . . . Garrisons Compromised . | . . . . . . . . . . . . . . . . . . . . . . . . . . . . . Overloaded Fab Kills . | . . . . . . . . . . . . . . . . . . . . . . . . . . . . . Fab Network Shutdowns 1 | . . . . . . . . . . . . . . . . . . . 1 . . . . . . . . . Hacking | -11 -10 -10 -9 -9 -9 -8 -8 -7 -7 -7 -7 -6 -6 -6 -6 -6 -6 -5 -5 -5 -5 -5 -4 -4 -4 -4 -3 -3 --------- Run | Scr Mat Min Mat Min Exi Min Mat Fac Low Low Dat Pro Fac Low Low Zio Dee Pro Fac Upp Upp War Pro Fac Arm Lab Res Qua Machines Accessed 80 | . 4 . 1 . 2 . 6 11 . 1 4 . 15 1 1 . . . 13 . 3 1 . 1 8 . 8 . Terminals 51 | . 4 . 1 . . . 5 8 . 1 . . 9 . . . . . 8 . . . . 1 7 . 7 . Fabricators 9 | . . . . . . . . . . . . . 4 . . . . . 3 . . . . . 1 . 1 . Repair Stations . | . . . . . . . . . . . . . . . . . . . . . . . . . . . . . Recycling Units 3 | . . . . . . . 1 2 . . . . . . . . . . . . . . . . . . . . Scanalyzers . | . . . . . . . . . . . . . . . . . . . . . . . . . . . . . Garrison Access 5 | . . . . . . . . 1 . . . . 2 . . . . . 2 . . . . . . . . . Total Hacks 241 | . 13 . 1 . 2 . 14 45 . 5 26 . 40 1 1 . . . 33 . 10 4 . 2 22 . 22 . Successful 145 | . 6 . . . 2 . 10 22 . 5 26 . 23 1 1 . . . 16 . 10 4 . 2 10 . 7 . Failed 93 | . 6 . 1 . . . 4 22 . . . . 17 . . . . . 17 . . . . . 12 . 14 . Catastrophic 19 | . . . 1 . . . 1 3 . . . . 5 . . . . . 1 . . . . . 2 . 6 . Database Lockouts 3 | . 1 . . . . . . 1 . . . . . . . . . . . . . . . . . . 1 . Manual 92 | . 9 . 1 . 1 . 5 19 . . . . 16 . . 4 . . 9 . . 1 . . 15 1 11 . Terminals 157 | . 13 . 1 . . . 13 37 . 5 . . 26 . . . . . 21 . . . . 2 20 . 19 . Fabricators 27 | . . . . . . . . . . . . . 12 . . . . . 10 . . . . . 2 . 3 . Repair Stations . | . . . . . . . . . . . . . . . . . . . . . . . . . . . . . Recycling Units 4 | . . . . . . . 1 3 . . . . . . . . . . . . . . . . . . . . Scanalyzers . | . . . . . . . . . . . . . . . . . . . . . . . . . . . . . Garrison Access 9 | . . . . . . . . 5 . . . . 2 . . . . . 2 . . . . . . . . . Terminal Hacks 108 | . 6 . . . 2 . 9 16 . 5 26 . 8 1 1 . . . 7 . 10 4 . 2 5 . 6 . Record 25 | . . . . . 1 . . . . 5 11 . . . . . . . . . 8 . . . . . . . Part Schematic 13 | . . . . . . . . 2 . . 7 . . . . . . . 2 . . . . . . . 2 . Robot Schematic 5 | . . . . . . . . . . . 5 . . . . . . . . . . . . . . . . . Robot Analysis 3 | . . . . . . . 1 1 . . . . . . . . . . 1 . . . . . . . . . Prototype ID Bank 28 | . 5 . . . . . 4 4 . . 3 . 1 . . . . . 2 . . 4 . 1 1 . 3 . Open Door 4 | . . . . . . . . . . . . . . 1 1 . . . . . 2 . . . . . . . Level Access Points 1 | . . . . . . . . . . . . . . . . . . . . . . . . . . . 1 . Branch Access Points 4 | . 1 . . . . . 1 1 . . . . 1 . . . . . . . . . . . . . . . Emergency Access Points 1 | . . . . . . . . . . . . . 1 . . . . . . . . . . . . . . . Terminal Index 1 | . . . . . . . . . . . . . . . . . . . . . . . . . 1 . . . Unreport Threat 11 | . . . . . . . . 5 . . . . 3 . . . . . 1 . . . . . 2 . . . Locate Traps 2 | . . . . . . . 1 1 . . . . . . . . . . . . . . . . . . . . Hauler Manifests 6 | . . . . . . . 1 1 . . . . 2 . . . . . 1 . . . . 1 . . . . Registered Components 1 | . . . . . . . . 1 . . . . . . . . . . . . . . . . . . . . Zone Layout 2 | . . . . . . . 1 . . . . . . . . . . . . . . . . . 1 . . . EX-Prototype ID Bank 1 | . . . . . 1 . . . . . . . . . . . . . . . . . . . . . . . Fabricator Hacks 13 | . . . . . . . . . . . . . 6 . . . . . 4 . . . . . 2 . 1 . Load Schematic 6 | . . . . . . . . . . . . . 3 . . . . . 2 . . . . . 1 . . . Build 7 | . . . . . . . . . . . . . 3 . . . . . 2 . . . . . 1 . 1 . Repair Station Hacks . | . . . . . . . . . . . . . . . . . . . . . . . . . . . . . Recycling Unit Hacks . | . . . . . . . . . . . . . . . . . . . . . . . . . . . . . Scanalyzer . | . . . . . . . . . . . . . . . . . . . . . . . . . . . . . Garrison Access Hacks 2 | . . . . . . . . . . . . . . . . . . . 2 . . . . . . . . . Seal Access 2 | . . . . . . . . . . . . . . . . . . . 2 . . . . . . . . . Unauthorized Hacks 22 | . . . . . . . 1 6 . . . . 9 . . . . . 3 . . . . . 3 . . . Terminals 12 | . . . . . . . . 3 . . . . 4 . . . . . 2 . . . . . 3 . . . Track 2 | . . . . . . . . . . . . . 1 . . . . . . . . . . . 1 . . . Assimilate 2 | . . . . . . . . 1 . . . . 1 . . . . . . . . . . . . . . . Botnet 7 | . . . . . . . . 2 . . . . 1 . . . . . 2 . . . . . 2 . . . Detonate 1 | . . . . . . . . . . . . . 1 . . . . . . . . . . . . . . . Fabricators 4 | . . . . . . . . . . . . . 3 . . . . . 1 . . . . . . . . . Prioritize 1 | . . . . . . . . . . . . . 1 . . . . . . . . . . . . . . . Haulers 2 | . . . . . . . . . . . . . 1 . . . . . 1 . . . . . . . . . Download 1 | . . . . . . . . . . . . . 1 . . . . . . . . . . . . . . . Repair Stations . | . . . . . . . . . . . . . . . . . . . . . . . . . . . . . Recycling Units 3 | . . . . . . . 1 2 . . . . . . . . . . . . . . . . . . . . Tunnel 3 | . . . . . . . 1 2 . . . . . . . . . . . . . . . . . . . . Scanalyzers . | . . . . . . . . . . . . . . . . . . . . . . . . . . . . . Garrison Access 3 | . . . . . . . . 1 . . . . 2 . . . . . . . . . . . . . . . Jam 3 | . . . . . . . . 1 . . . . 2 . . . . . . . . . . . . . . . Data Cores Recovered 5 | . . . . . . . . . . . . . 2 . . . . . 1 . . . . 1 1 . . . Used 3 | . . . . . . . . . . . . . 1 . . . . . 1 . . . . . 1 . . . Hacking Detections 54 | . 3 . 1 . . . 4 8 . 1 . . 10 . . . . . 11 . . . . 1 7 . 8 . Full Trace Events 15 | . 2 . . . . . 1 3 . 1 . . 3 . . . . . 2 . . . . . 1 . 2 . Feedback Events 2 | . . . . . . . . . . . . . 1 . . . . . 1 . . . . . . . . . Corruption 2 | . . . . . . . . . . . . . 1 . . . . . 1 . . . . . . . . . Feedback Blocked . | . . . . . . . . . . . . . . . . . . . . . . . . . . . . . Robot Schematics Acquired 5 | . . . . . . . . . . . 5 . . . . . . . . . . . . . . . . . Robots Built 10 | . . . . . . . . . . . . . 6 . . . . . . . . . . . . . 4 . Matter 1086 | . . . . . . . . . . . . . 702 . . . . . . . . . . . . . 384 . Time 484 | . . . . . . . . . . . . . 280 . . . . . . . . . . . . . 204 . Total Robot Build Rating 74 | . . . . . . . . . . . . . 42 . . . . . . . . . . . . . 32 . Part Schematics Acquired 14 | . . . . . . . . 2 . . 7 . 1 . . . . . 2 . . . . . . . 2 . Parts Built 3 | . . . . . . . . . . . . . 1 . . . . . 2 . . . . . . . . . Matter 731 | . . . . . . . . . . . . . 285 . . . . . 234 . . . . . 212 . . . Time 316 | . . . . . . . . . . . . . 152 . . . . . 58 . . . . . 106 . . . Total Part Build Rating 19 | . . . . . . . . . . . . . 5 . . . . . 14 . . . . . . . . . Parts Repaired . | . . . . . . . . . . . . . . . . . . . . . . . . . . . . . Time . | . . . . . . . . . . . . . . . . . . . . . . . . . . . . . Parts Recycled . | . . . . . . . . . . . . . . . . . . . . . . . . . . . . . Recycled Matter . | . . . . . . . . . . . . . . . . . . . . . . . . . . . . . Retrieved Matter . | . . . . . . . . . . . . . . . . . . . . . . . . . . . . . Retrieved Components . | . . . . . . . . . . . . . . . . . . . . . . . . . . . . . Parts Scanalyzed . | . . . . . . . . . . . . . . . . . . . . . . . . . . . . . Part Schematics Acquired . | . . . . . . . . . . . . . . . . . . . . . . . . . . . . . Parts Damaged . | . . . . . . . . . . . . . . . . . . . . . . . . . . . . . Bothacking | -11 -10 -10 -9 -9 -9 -8 -8 -7 -7 -7 -7 -6 -6 -6 -6 -6 -6 -5 -5 -5 -5 -5 -4 -4 -4 -4 -3 -3 ------------ Run | Scr Mat Min Mat Min Exi Min Mat Fac Low Low Dat Pro Fac Low Low Zio Dee Pro Fac Upp Upp War Pro Fac Arm Lab Res Qua Used RIF Installer . | . . . . . . . . . . . . . . . . . . . . . . . . . . . . . Robots Hacked . | . . . . . . . . . . . . . . . . . . . . . . . . . . . . . Non-combat . | . . . . . . . . . . . . . . . . . . . . . . . . . . . . . Combat . | . . . . . . . . . . . . . . . . . . . . . . . . . . . . . Robot Hacks Applied . | . . . . . . . . . . . . . . . . . . . . . . . . . . . . . Relay Couplers Released . | . . . . . . . . . . . . . . . . . . . . . . . . . . . . . Robots Rewired 20 | . . . . . . . . 3 2 . . 2 . . 2 . . 2 . . . . 2 . 7 . . . Allies Hacked 3 | . . . . . . . . . . . . . . . . . . . 1 . . . 2 . . . . . Hacks Repelled . | . . . . . . . . . . . . . . . . . . . . . . . . . . . . . Allies | -11 -10 -10 -9 -9 -9 -8 -8 -7 -7 -7 -7 -6 -6 -6 -6 -6 -6 -5 -5 -5 -5 -5 -4 -4 -4 -4 -3 -3 -------- Run | Scr Mat Min Mat Min Exi Min Mat Fac Low Low Dat Pro Fac Low Low Zio Dee Pro Fac Upp Upp War Pro Fac Arm Lab Res Qua Total Allies 35 | . . . . . . . . 4 2 . . 3 6 . 2 . . 2 . . . . 2 3 7 . 4 . Largest Group 6 | . . . . . . . . 3 2 1 . 2 3 . 2 2 . 2 2 . . . 2 3 6 . 4 4 Highest-Rated Group 288 | . . . . . . . . 65 32 16 . 117 141 . 59 59 . 59 59 . . . 79 138 288 . 120 120 Highest-Rated Ally 94 | . . . . . . . . 32 16 16 . 94 87 . 30 30 . 30 30 . . . 49 46 48 . 30 30 Total Orders . | . . . . . . . . . . . . . . . . . . . . . . . . . . . . . Ally Attacks 237 | . . . . . . . . 27 2 2 . 16 66 . 1 18 . 5 10 . . . 5 13 33 . 18 21 Total Damage 6406 | . . . . . . . . 712 26 28 . 533 2550 . 20 397 . 67 121 . . . 156 268 891 . 268 369 Kills 41 | . . . . . . . . 10 . . . 4 17 . . 3 . . . . . . . 2 3 . 2 . Allies Corrupted 4 | . . . . . . . . . . . . . . . . 1 . . 1 . . . 1 . 1 . . . Allies Melted . | . . . . . . . . . . . . . . . . . . . . . . . . . . . . . Intel | -11 -10 -10 -9 -9 -9 -8 -8 -7 -7 -7 -7 -6 -6 -6 -6 -6 -6 -5 -5 -5 -5 -5 -4 -4 -4 -4 -3 -3 ------- Run | Scr Mat Min Mat Min Exi Min Mat Fac Low Low Dat Pro Fac Low Low Zio Dee Pro Fac Upp Upp War Pro Fac Arm Lab Res Qua Robot Analysis Total 3 | . . . . . . . 1 1 . . . . . . . . . . 1 . . . . . . . . . Derelict Logs Recovered 15 | . . 2 . 2 . . . . 1 1 . 2 . 1 . 1 . 2 . 1 1 . 1 . . . . . Drone Launches . | . . . . . . . . . . . . . . . . . . . . . . . . . . . . . Drone Recoveries . | . . . . . . . . . . . . . . . . . . . . . . . . . . . . . Exploration | -11 -10 -10 -9 -9 -9 -8 -8 -7 -7 -7 -7 -6 -6 -6 -6 -6 -6 -5 -5 -5 -5 -5 -4 -4 -4 -4 -3 -3 ------------- Run | Scr Mat Min Mat Min Exi Min Mat Fac Low Low Dat Pro Fac Low Low Zio Dee Pro Fac Upp Upp War Pro Fac Arm Lab Res Qua Turns Passed 20288 | 26 140 314 548 697 204 347 472 2363 551 863 70 490 3132 596 421 840 775 381 2368 332 371 1193 486 283 788 8 605 624 Spaces Moved 19477 | 27 162 341 267 527 248 368 482 2103 531 886 78 429 2183 594 416 830 956 574 2374 514 583 794 732 367 866 15 913 317 Core 10 | 10 . . . . . . . . . . . . . . . . . . . . . . . . . . . . Treads . | . . . . . . . . . . . . . . . . . . . . . . . . . . . . . Legs 1 | . . . . . . . . . . . . . . . . . 1 . . . . . . . . . . . Wheels 10616 | 17 162 341 267 527 248 368 482 2103 531 886 78 429 2183 594 416 830 154 . . . . . . . . . . . Hover 8850 | . . . . . . . . . . . . . . . . . 801 574 2374 514 583 794 732 367 866 15 913 317 Flight . | . . . . . . . . . . . . . . . . . . . . . . . . . . . . . Fastest Speed 48 | 50 80 80 80 80 80 80 80 80 90 90 90 90 90 90 90 90 48 48 48 55 55 55 55 55 55 55 53 55 Average Speed 72 | 68 80 80 82 80 80 80 80 87 90 90 90 90 90 90 90 90 55 48 56 55 55 55 55 55 55 55 54 55 Slowest Speed 170 | 80 80 80 85 80 80 80 80 90 90 90 90 90 100 90 90 90 170 48 58 55 55 55 55 55 55 55 55 55 Overloaded Moves . | . . . . . . . . . . . . . . . . . . . . . . . . . . . . . Propulsion Burnouts . | . . . . . . . . . . . . . . . . . . . . . . . . . . . . . Robots Hopped . | . . . . . . . . . . . . . . . . . . . . . . . . . . . . . Cave-ins Triggered 1 | . . . . . . . . . . . . . 1 . . . . . . . . . . . . . . . Exploration Rate (%) 62 | 4 37 80 36 96 61 74 39 51 77 94 75 62 67 86 86 85 82 90 65 75 77 66 89 19 73 5 30 31 Regions Visited 28 Branch Regions 20 Pre-discovered Areas 13 | . . . . 1 1 . 1 2 1 . 1 . . . . 4 . 1 . . 1 . . . . . . . Known Exits Taken 14 | . 1 1 1 . . . 1 1 . 1 . 1 1 . . 1 . . 1 1 . . 1 1 . 1 . . Unknown Exits Taken 14 | 1 . . . 1 1 1 . . 1 . 1 . . 1 1 . 1 1 . . 1 1 . . 1 . 1 . Scrap Searched 34 | . . 1 . 2 . 1 . . 2 2 . 1 . 4 5 3 . 4 . 4 3 . 2 . . . . . Spaces Dug 264 | . . . . . . . 4 . 3 . . . 7 8 8 . 4 . 96 8 4 20 4 51 11 . 32 4 Terrain Destroyed 1632 | . . . . . 3 61 21 83 15 26 . 28 268 29 35 5 81 60 384 58 26 129 57 59 101 . 43 60 Melee . | . . . . . . . . . . . . . . . . . . . . . . . . . . . . . Projectile 1233 | . . . . . 3 20 21 52 15 26 . 28 158 29 35 5 81 60 230 58 26 129 57 18 84 . 43 55 AOE 399 | . . . . . . 41 . 31 . . . . 110 . . . . . 154 . . . . 41 17 . . 5 Terrain Rammed . | . . . . . . . . . . . . . . . . . . . . . . . . . . . . . Walls Destroyed . | . . . . . . . . . . . . . . . . . . . . . . . . . . . . . Machines Disabled . | . . . . . . . . . . . . . . . . . . . . . . . . . . . . . Actions | -11 -10 -10 -9 -9 -9 -8 -8 -7 -7 -7 -7 -6 -6 -6 -6 -6 -6 -5 -5 -5 -5 -5 -4 -4 -4 -4 -3 -3 --------- Run | Scr Mat Min Mat Min Exi Min Mat Fac Low Low Dat Pro Fac Low Low Zio Dee Pro Fac Upp Upp War Pro Fac Arm Lab Res Qua Total 25392 | 31 167 357 437 658 254 420 569 2640 605 952 77 532 3337 660 467 934 1224 691 3402 562 632 1545 816 447 1180 14 1015 767 Wait 2724 | . 1 3 23 39 2 19 47 243 20 16 . 19 754 30 11 30 64 32 614 2 19 407 16 55 129 . 62 67 Move 19446 | 26 161 340 266 526 247 367 481 2102 530 885 77 428 2181 593 415 829 955 573 2373 513 582 793 731 366 865 14 910 317 Hop . | . . . . . . . . . . . . . . . . . . . . . . . . . . . . . Pick Up 45 | . . . 2 . . 1 2 6 1 1 . 2 4 2 . . 1 4 10 . . 4 1 . 3 . . 1 Fast Attach 113 | 5 2 . 7 1 1 1 2 11 . . . 2 11 1 . 1 17 . 23 . . 14 2 . 5 . 6 1 Attach 5 | . . . 1 . . . . . . . . . . . . . . . 2 . . 2 . . . . . . Detach . | . . . . . . . . . . . . . . . . . . . . . . . . . . . . . Swap 18 | . . . 5 1 . . . 3 . . . . 4 1 . 1 . . 2 1 . . . . . . . . Drop 142 | . 1 . 12 2 3 1 1 12 1 1 . 1 13 3 . 1 20 2 32 . . 18 3 . 7 . 6 2 Fire 1942 | . 2 12 79 64 1 17 25 189 25 32 . 31 240 22 25 61 108 58 270 34 24 209 47 22 113 . 26 206 Melee . | . . . . . . . . . . . . . . . . . . . . . . . . . . . . . Ram . | . . . . . . . . . . . . . . . . . . . . . . . . . . . . . Kick . | . . . . . . . . . . . . . . . . . . . . . . . . . . . . . Crush . | . . . . . . . . . . . . . . . . . . . . . . . . . . . . . Escape Stasis 60 | . . . . . . . . . . . . . 1 . . . . . . . . . . . . . 2 57 Rewire 140 | . . . . . . . . 25 14 . . 34 . . 10 . . 9 . . . . 6 . 42 . . . Trap 1 | . . . . . . . . . . . . . . . . . 1 . . . . . . . . . . . Miscellaneous 756 | . . 2 42 25 . 14 11 49 14 17 . 15 129 8 6 11 58 13 76 12 7 98 10 4 16 . 3 116 Route ------- -11/Scrapyard -10/Materials (discovered 2 exits: *Mat / *Min) -10/Mines (discovered 2 exits: *Mat x2) -9/Materials (discovered 2 exits: *Min x2) -9/Mines (discovered 3 exits: *Mat x2 / *Exi) -9/Exiles (discovered 2 exits: [*Min x2]) -8/Mines (discovered 2 exits: *Mat x2) -8/Materials (discovered 2 exits: *Fac x2) -7/Factory (discovered 3 exits: *Fac / *Low x2) -7/Lower Caves (discovered 2 exits: *Low / *Dat) -7/Lower Caves (discovered 2 exits: *Fac / *Dat) -7/Data Miner -6/Proximity Caves -6/Factory (discovered 6 exits: *Fac x4 / *Low x2) -6/Lower Caves -6/Lower Caves (discovered 2 exits: *Fac / *Zio) -6/Zion (discovered 2 exits: *Dee / [*Pro]) -6/Deep Caves -5/Proximity Caves -5/Factory (discovered 5 exits: *Fac x3 / *Upp x2) -5/Upper Caves -5/Upper Caves (discovered 2 exits: *Fac / *War) -5/Warlord -4/Proximity Caves -4/Factory (discovered 5 exits: *Res x2 / *Upp x2 / *Arm) -4/Armory (discovered 3 exits: *Res x2 / *Lab) -4/Lab -3/Research (discovered 4 exits: *Res x3 / [*Qua]) -3/Quarantine History --------- Turn | Location | Event 3 | -11/Scrapyard | Upgraded with Propulsion slot (x1) 3 | -11/Scrapyard | Upgraded with Weapon slot (x1) 10 | -11/Scrapyard | Discovered new exit (range 16) 27 | -11/Scrapyard | Entered Materials 42 | -10/Materials | Identified exit to Mines 137 | -10/Materials | Discovered new exit (range 13) 157 | -10/Materials | Central database locked down 167 | -10/Materials | Entered Mines 228 | -10/Mines | Identified exit to Materials 241 | -10/Mines | Learned location of 1 exit from Materials 311 | -10/Mines | Build established: Mutant 333 | -10/Mines | Found a hidden stash of uninstalled traps 473 | -10/Mines | Discovered exit to Materials (range 9) 481 | -10/Mines | Entered Materials 482 | -9/Materials | Identified exit to Mines 483 | -9/Materials | Reached level 2 531 | -9/Materials | Reached level 3 567 | -9/Materials | Destroyed 8 combat bots 644 | -9/Materials | Discovered exit to Mines (range 6) 818 | -9/Materials | Core integrity fell below 50% 824 | -9/Materials | Reached level 4 967 | -9/Materials | Upgraded with Weapon slot (x1) 1029 | -9/Materials | Entered Mines 1031 | -9/Mines | Reached level 5 1117 | -9/Mines | Upgraded with Utility slot (x1) 1197 | -9/Mines | Assembled infested the area 1217 | -9/Mines | Reached level 6 1405 | -9/Mines | Learned location of 1 exit from Materials 1424 | -9/Mines | Build established: Scavenger-Gunner 1446 | -9/Mines | Received a Rocket Launcher from a helpful Derelict 1447 | -9/Mines | Discovered new exit (range 12) 1500 | -9/Mines | Discovered new exit (range 8) 1533 | -9/Mines | Learned location of 1 exit from Materials 1608 | -9/Mines | Learned location of Storage (-9) 1723 | -9/Mines | Deemed a non-threat by the Exiles lab entrance 1723 | -9/Mines | Discovered new exit (range 5) 1726 | -9/Mines | Entered Exiles 1737 | -9/Exiles | Discovered new exit (range 15) 1748 | -9/Exiles | Met 8R-AWN 1759 | -9/Exiles | Met EX-HEX 1783 | -9/Exiles | Met EX-BIN 1792 | -9/Exiles | Aligned with FarCom system 1793 | -9/Exiles | Given EX-Vault access code 1812 | -9/Exiles | Opened EX-Vault 1815 | -9/Exiles | Upgraded with Weapon slot (x1) 1820 | -9/Exiles | Found XL Autogun Array 1854 | -9/Exiles | Warned to stay clear of 0b10 Research branches 1877 | -9/Exiles | Met EX-DEC 1882 | -9/Exiles | Learned location of Zion (-6) 1922 | -9/Exiles | Discovered new exit (range 10) 1930 | -9/Exiles | Left Exiles lab with XL Autogun Array 1930 | -9/Exiles | Entered Mines 1995 | -8/Mines | Discovered new exit (range 9) 2032 | -8/Mines | Reached level 7 2223 | -8/Mines | Discovered new exit (range 8) 2277 | -8/Mines | Entered Materials 2278 | -8/Materials | Identified exit to Factory 2279 | -8/Materials | Reached level 8 2386 | -8/Materials | Reached level 9 2531 | -8/Materials | Reached level 10 2550 | -8/Materials | Upgraded with Utility slot (x1) 2749 | -8/Materials | Entered Factory 2751 | -7/Factory | Reached level 11 2758 | -7/Factory | Upgraded with Utility slot (x1) 2961 | -7/Factory | Reached level 12 2998 | -7/Factory | Upgraded with Propulsion slot (x1) 3042 | -7/Factory | Identified exit to Lower Caves 3042 | -7/Factory | Central database locked down 3125 | -7/Factory | Reached level 13 3149 | -7/Factory | First assault squad dispatched 3233 | -7/Factory | Upgraded with Utility slot (x1) 3234 | -7/Factory | Reached level 14 3282 | -7/Factory | Garrison activated, responded to threat 3406 | -7/Factory | Build established: Gunner 3568 | -7/Factory | Reached level 15 3596 | -7/Factory | Destroyed 11 combat bots 3922 | -7/Factory | Reached level 16 4236 | -7/Factory | Upgraded with Power slot (x1) 4396 | -7/Factory | Discovered new exit (range 5) 4711 | -7/Factory | Destroyed 7 combat bots 4816 | -7/Factory | High security lockdown imminent 4878 | -7/Factory | Reached level 17 4896 | -7/Factory | High security lockdown engaged 5112 | -7/Factory | Entered Lower Caves 5116 | -7/Lower Caves | Destroyed 16 combat bots 5401 | -7/Lower Caves | Attracted the attention of an 0b10 outpost 5441 | -7/Lower Caves | Destroyed 7 combat bots 5487 | -7/Lower Caves | Attracted the attention of an 0b10 checkpoint 5537 | -7/Lower Caves | A Derelict revealed a hidden shortcut to meet someone special 5590 | -7/Lower Caves | Discovered new exit (range 13) 5591 | -7/Lower Caves | Encountered a Warlord checkpoint 5663 | -7/Lower Caves | Entered another Lower Caves area 5663 | -7/Lower Caves | Accompanied by 1 ally 5818 | -7/Lower Caves | Discovered new exit (range 7) 5982 | -7/Lower Caves | Learned Research terminal intel 5982 | -7/Lower Caves | Learned Armory emergency access door positions 5982 | -7/Lower Caves | Learned 6 Upper Caves zone layouts 5984 | -7/Lower Caves | Destroyed 7 combat bots 6035 | -7/Lower Caves | Spotted B-75 Beast 6042 | -7/Lower Caves | Destroyed B-75 Beast 6254 | -7/Lower Caves | Identified exit to Data Miner 6476 | -7/Lower Caves | Reached level 18 6526 | -7/Lower Caves | Entered Data Miner 6526 | -7/Data Miner | Discovered new exit (range 6) 6537 | -7/Data Miner | Met Data Miner 6560 | -7/Data Miner | Acquired the access code to Warlord's prototype stash 6560 | -7/Data Miner | Learned location of Section 7 (-3) 6573 | -7/Data Miner | Received God Mode back door access code from Data Miner 6596 | -7/Data Miner | Entered Proximity Caves 6827 | -6/Proximity Caves | Attracted the attention of an 0b10 checkpoint 6833 | -6/Proximity Caves | Escorted by Enhanced Grunt 6865 | -6/Proximity Caves | Attracted the attention of an 0b10 outpost 6899 | -6/Proximity Caves | Identified exit to Factory 6903 | -6/Proximity Caves | Destroyed 9 combat bots 6942 | -6/Proximity Caves | Reached level 19 6988 | -6/Proximity Caves | Learned 4 Factory zone layouts 7086 | -6/Proximity Caves | Entered Factory 7086 | -6/Factory | Accompanied by 2 allies 7178 | -6/Factory | Incoming investigation squad redirected 7290 | -6/Factory | Spotted B-75 Beast 7299 | -6/Factory | Destroyed B-75 Beast 7319 | -6/Factory | Reached level 20 7522 | -6/Factory | Discovered new exit (range 6) 7552 | -6/Factory | Discovered new exit (range 21) 7570 | -6/Factory | Identified exit to Lower Caves 7581 | -6/Factory | Incoming investigation squad redirected 7608 | -6/Factory | Build established: Scavenger-Gunner 7709 | -6/Factory | Fabricated Exp. Terrain Scanner? 7738 | -6/Factory | Upgraded with Utility slot (x1) 7925 | -6/Factory | Upgraded with Utility slot (x1) 7970 | -6/Factory | Upgraded with Utility slot (x1) 8012 | -6/Factory | Fabricated G-67 Veteran? 8216 | -6/Factory | Discovered new exit (range 7) 8359 | -6/Factory | Incoming investigation squad redirected 8396 | -6/Factory | Garrison activated, responded to threat 8464 | -6/Factory | Reached level 21 8486 | -6/Factory | First assault squad dispatched 8503 | -6/Factory | Incoming assault squad redirected 8587 | -6/Factory | Discovered new exit (range 27) 8679 | -6/Factory | Fabricated G-67 Veteran? 8803 | -6/Factory | Discovered new exit (range 23) 8861 | -6/Factory | Incoming assault squad redirected 9182 | -6/Factory | Incoming investigation squad redirected 9216 | -6/Factory | Incoming assault squad redirected 9316 | -6/Factory | High security lockdown imminent 9396 | -6/Factory | High security lockdown engaged 9460 | -6/Factory | Reached level 22 9508 | -6/Factory | Destroyed 16 combat bots 9589 | -6/Factory | Crushed by falling debris 9594 | -6/Factory | Destroyed 11 combat bots 9724 | -6/Factory | Destroyed 9 combat bots 9776 | -6/Factory | Sterilization system engaged 9776 | -6/Factory | Non-combat units ordered to evacuate 9801 | -6/Factory | Destroyed 15 combat bots 9876 | -6/Factory | Combat units ordered to evacuate 10076 | -6/Factory | Ambient heat levels rising (+10) 10218 | -6/Factory | Entered Lower Caves 10245 | -6/Lower Caves | Encountered a Warlord checkpoint 10328 | -6/Lower Caves | Attracted the attention of an 0b10 checkpoint 10383 | -6/Lower Caves | Learned 4 Factory zone layouts 10746 | -6/Lower Caves | Discovered new exit (range 22) 10814 | -6/Lower Caves | Entered another Lower Caves area 10822 | -6/Lower Caves | Attracted the attention of an 0b10 checkpoint 10842 | -6/Lower Caves | Discovered new exit (range 5) 10917 | -6/Lower Caves | Attacked by a delusional Derelict stockpiling parts 11132 | -6/Lower Caves | Attracted the attention of an 0b10 outpost 11164 | -6/Lower Caves | Destroyed 9 combat bots 11166 | -6/Lower Caves | Discovered new exit (range 30) 11185 | -6/Lower Caves | Spotted B-75 Beast 11191 | -6/Lower Caves | Destroyed B-75 Beast 11235 | -6/Lower Caves | Entered Zion 11235 | -6/Zion | Accompanied by 2 allies 11274 | -6/Zion | Discovered new exit (range 29) 11276 | -6/Zion | System corruption cleaned by Quarantine Array 11522 | -6/Zion | Learned location of Warlord (-5) 11646 | -6/Zion | Identified exit to Deep Caves 11770 | -6/Zion | Rebuked by Imprinter 11773 | -6/Zion | Attacked by Zionites 11778 | -6/Zion | Destroyed Imprinter 11795 | -6/Zion | Extracted access codes from Imprinter's data core 12058 | -6/Zion | Opened final containment barrier to the Deep Caves 12071 | -6/Zion | Saw the warning signs outside the Deep Caves entrance 12075 | -6/Zion | Entered Deep Caves 12229 | -6/Deep Caves | Destroyed 7 combat bots 12235 | -6/Deep Caves | Found Prototype Protection 12235 | -6/Deep Caves | Identified Zio. Weapon Casing 12258 | -6/Deep Caves | Upgraded with Propulsion slot (x1) 12358 | -6/Deep Caves | Discovered new exit (range 13) 12380 | -6/Deep Caves | Spotted as-68829 12388 | -6/Deep Caves | Spotted as-59151 12424 | -6/Deep Caves | Destroyed as-68829 12426 | -6/Deep Caves | Triggered Deep Caves wall 12426 | -6/Deep Caves | Spotted AS-37846 12427 | -6/Deep Caves | Exposed GOLEM chamber 12428 | -6/Deep Caves | Spotted AS-32201 12443 | -6/Deep Caves | Core integrity fell below 50% 12456 | -6/Deep Caves | Destroyed 15 combat bots 12535 | -6/Deep Caves | Build established: Scavenger-Scout 12582 | -6/Deep Caves | Destroyed 12 combat bots 12589 | -6/Deep Caves | Z-Facility disabled 12703 | -6/Deep Caves | Destroyed AS-32201 12707 | -6/Deep Caves | Destroyed AS-37846 12734 | -6/Deep Caves | Destroyed 11 combat bots 12806 | -6/Deep Caves | Found Mobile Assembly Unit 12841 | -6/Deep Caves | Spotted as-18968 12850 | -6/Deep Caves | Entered Proximity Caves 12852 | -5/Proximity Caves | Reached level 23 12892 | -5/Proximity Caves | Spotted B-75 Beast 12896 | -5/Proximity Caves | Destroyed B-75 Beast 13052 | -5/Proximity Caves | Attracted the attention of an 0b10 outpost 13061 | -5/Proximity Caves | Discovered new exit (range 26) 13079 | -5/Proximity Caves | Destroyed 7 combat bots 13123 | -5/Proximity Caves | Learned location of 1 exit from Factory 13131 | -5/Proximity Caves | Destroyed 8 combat bots 13147 | -5/Proximity Caves | Attracted the attention of an 0b10 checkpoint 13188 | -5/Proximity Caves | Destroyed 7 combat bots 13231 | -5/Proximity Caves | Entered Factory 13231 | -5/Factory | Accompanied by 2 allies 13232 | -5/Factory | Identified exit to Upper Caves 13233 | -5/Factory | Identified exit to Factory 13240 | -5/Factory | Reached level 24 13296 | -5/Factory | Upgraded with Utility slot (x1) 13531 | -5/Factory | First assault squad dispatched 13559 | -5/Factory | Incoming assault squad redirected 13588 | -5/Factory | Incoming investigation squad redirected 13599 | -5/Factory | Garrison activated, responded to threat 13679 | -5/Factory | Discovered exit to Factory (range 27) 13797 | -5/Factory | Destroyed 10 combat bots 13848 | -5/Factory | Incoming assault squad redirected 13895 | -5/Factory | Discovered exit to Factory (range 18) 13938 | -5/Factory | Fabricated Imp. Force Field? 13942 | -5/Factory | Local fabrication network quarantined 14157 | -5/Factory | Incoming assault squad redirected 14326 | -5/Factory | Found Prototype Processor 14326 | -5/Factory | Identified Exp. Targeting Computer 14456 | -5/Factory | Incoming assault squad redirected 14610 | -5/Factory | Incoming investigation squad redirected 14849 | -5/Factory | High security lockdown imminent 14861 | -5/Factory | Reached level 25 14882 | -5/Factory | Destroyed 9 combat bots 14929 | -5/Factory | High security lockdown engaged 14975 | -5/Factory | Destroyed 11 combat bots 15164 | -5/Factory | Destroyed 15 combat bots 15268 | -5/Factory | Destroyed 18 combat bots 15381 | -5/Factory | Sterilization system engaged 15381 | -5/Factory | Non-combat units ordered to evacuate 15397 | -5/Factory | Destroyed 11 combat bots 15481 | -5/Factory | Combat units ordered to evacuate 15599 | -5/Factory | Entered Upper Caves 15600 | -5/Upper Caves | Identified exit to Upper Caves 15699 | -5/Upper Caves | Attracted the attention of an 0b10 checkpoint 15803 | -5/Upper Caves | Attracted the attention of an 0b10 outpost 15905 | -5/Upper Caves | Build established: Scavenger-Gunner 15931 | -5/Upper Caves | Entered another Upper Caves area 15932 | -5/Upper Caves | Encountered a Warlord checkpoint 15935 | -5/Upper Caves | Discovered exit to Factory (range 11) 16128 | -5/Upper Caves | Learned Factory emergency access door positions 16150 | -5/Upper Caves | Learned location of 1 exit from Factory 16150 | -5/Upper Caves | Learned Armory emergency access door positions 16150 | -5/Upper Caves | Learned Armory stockpile data 16150 | -5/Upper Caves | Learned Factory security intel 16160 | -5/Upper Caves | Destroyed 7 combat bots 16178 | -5/Upper Caves | Attracted the attention of an 0b10 checkpoint 16226 | -5/Upper Caves | Discovered new exit (range 25) 16302 | -5/Upper Caves | Entered Warlord 16304 | -5/Warlord | Reached level 26 16321 | -5/Warlord | System corruption cleaned by Quarantine Array 16489 | -5/Warlord | Met Warlord 16495 | -5/Warlord | Opened Warlord's prototype stash 16509 | -5/Warlord | Found Prototype Processor 16509 | -5/Warlord | Identified Spectral Analyzer 16514 | -5/Warlord | Warlord's base attacked by MAIN.C 16517 | -5/Warlord | Found Exp. Targeting Computer 16521 | -5/Warlord | Found Prototype Reactor 16521 | -5/Warlord | Identified Vortex Chain Reactor 16524 | -5/Warlord | Upgraded with Weapon slot (x1) 16727 | -5/Warlord | Destroyed 12 combat bots 16749 | -5/Warlord | Discovered new exit (range 26) 16791 | -5/Warlord | Destroyed 8 combat bots 16864 | -5/Warlord | Warlord forces counterattacked 16879 | -5/Warlord | Spotted Striker 16883 | -5/Warlord | Destroyed Striker 16911 | -5/Warlord | Destroyed 10 combat bots 16956 | -5/Warlord | Spotted Executioner 16956 | -5/Warlord | Spotted Striker 16957 | -5/Warlord | Destroyed Striker 16958 | -5/Warlord | Build established: Scavenger-Scout 16965 | -5/Warlord | Destroyed Executioner 17003 | -5/Warlord | Destroyed 12 combat bots 17015 | -5/Warlord | Spotted Executioner 17023 | -5/Warlord | Destroyed Executioner 17024 | -5/Warlord | Spotted Striker 17044 | -5/Warlord | Found Prototype Processor 17044 | -5/Warlord | Identified Exp. Core Analyzer 17054 | -5/Warlord | Destroyed 8 combat bots 17058 | -5/Warlord | Found Prototype Device 17058 | -5/Warlord | Identified Adv. Kinecellerator 17114 | -5/Warlord | Spotted B-86 Titan 17114 | -5/Warlord | Spotted Striker 17114 | -5/Warlord | Spotted Executioner 17120 | -5/Warlord | Destroyed Executioner 17121 | -5/Warlord | P-70 Sage assimilated allied 4X-068(g) 17122 | -5/Warlord | Destroyed Striker 17149 | -5/Warlord | Destroyed 7 combat bots 17215 | -5/Warlord | Spotted Striker 17215 | -5/Warlord | Spotted Executioner 17215 | -5/Warlord | Spotted Striker 17215 | -5/Warlord | Spotted Striker 17220 | -5/Warlord | Destroyed Striker 17223 | -5/Warlord | Destroyed Striker 17228 | -5/Warlord | Destroyed Striker 17231 | -5/Warlord | Core integrity fell below 50% 17260 | -5/Warlord | Destroyed 16 combat bots 17314 | -5/Warlord | Spotted Executioner 17314 | -5/Warlord | Spotted Striker 17318 | -5/Warlord | Destroyed Executioner 17324 | -5/Warlord | Spotted Striker 17330 | -5/Warlord | Destroyed Striker 17338 | -5/Warlord | Destroyed Striker 17365 | -5/Warlord | Destroyed 16 combat bots 17415 | -5/Warlord | Spotted Executioner 17416 | -5/Warlord | Spotted Striker 17430 | -5/Warlord | Destroyed Striker 17463 | -5/Warlord | Destroyed Executioner 17495 | -5/Warlord | Entered Proximity Caves 17497 | -4/Proximity Caves | Destroyed 17 combat bots 17546 | -4/Proximity Caves | Reached level 27 17561 | -4/Proximity Caves | Learned location of 1 exit from Upper Caves 17606 | -4/Proximity Caves | Attracted the attention of an 0b10 outpost 17654 | -4/Proximity Caves | Destroyed 9 combat bots 17688 | -4/Proximity Caves | Destroyed 8 combat bots 17745 | -4/Proximity Caves | Spotted B-86 Titan 17748 | -4/Proximity Caves | Destroyed B-86 Titan 17775 | -4/Proximity Caves | Discovered exit to Factory (range 29) 17904 | -4/Proximity Caves | Attracted the attention of an 0b10 checkpoint 17981 | -4/Proximity Caves | Entered Factory 17982 | -4/Factory | Identified exit to Research 17982 | -4/Factory | Identified exit to Upper Caves 17983 | -4/Factory | Identified exit to Armory 18094 | -4/Factory | Discovered exit to Upper Caves (range 15) 18101 | -4/Factory | Discovered exit to Research (range 17) 18180 | -4/Factory | Allied Derelicts emerged from ambush trap array 18264 | -4/Factory | Entered Armory 18264 | -4/Armory | Accompanied by 3 allies 18278 | -4/Armory | Upgraded with Weapon slot (x1) 18359 | -4/Armory | Reached level 28 18563 | -4/Armory | First assault squad dispatched 18597 | -4/Armory | Incoming investigation squad redirected 18686 | -4/Armory | Spotted B-86 Titan 18695 | -4/Armory | Destroyed B-86 Titan 18716 | -4/Armory | Destroyed 20 combat bots 18724 | -4/Armory | Discovered exit to Research (range 16) 18783 | -4/Armory | Discovered exit to Research (range 29) 18925 | -4/Armory | Destroyed 10 combat bots 19003 | -4/Armory | Discovered new exit (range 14) 19044 | -4/Armory | High security lockdown imminent 19052 | -4/Armory | Entered Lab 19052 | -4/Lab | Discovered exit to Research (range 9) 19059 | -4/Lab | Unable to decrypt terminal 19060 | -4/Lab | Entered Research 19061 | -3/Research | Loaded intel: 19 terminal locations 19062 | -3/Research | Reached level 29 19158 | -3/Research | Incoming investigation squad redirected 19296 | -3/Research | Discovered new exit (range 17) 19429 | -3/Research | Identified exit to Research 19517 | -3/Research | Fabricated S-43 Plague? 19529 | -3/Research | Discovered new exit (range 12) 19529 | -3/Research | Spotted B-90 Cyclops 19533 | -3/Research | Destroyed B-90 Cyclops 19536 | -3/Research | Central database locked down 19665 | -3/Research | Entered Quarantine 19665 | -3/Quarantine | Accompanied by 4 allies 19666 | -3/Quarantine | Maximum security lockdown engaged 19829 | -3/Quarantine | Reached level 30 19880 | -3/Quarantine | Destroyed 28 combat bots 19904 | -3/Quarantine | Destroyed Investigator 19967 | -3/Quarantine | Destroyed 28 combat bots 20045 | -3/Quarantine | Spotted Striker 20055 | -3/Quarantine | Build established: Scavenger-Gunner 20057 | -3/Quarantine | Destroyed Striker 20058 | -3/Quarantine | Spotted Striker 20063 | -3/Quarantine | Spotted Investigator 20065 | -3/Quarantine | Core integrity fell below 50% 20067 | -3/Quarantine | Upgraded with Weapon slot (x2) 20068 | -3/Quarantine | Spotted Executioner 20068 | -3/Quarantine | Spotted Executioner 20068 | -3/Quarantine | Scanned by Researcher 20073 | -3/Quarantine | Destroyed Striker 20081 | -3/Quarantine | Reached level 31 20084 | -3/Quarantine | Destroyed Investigator 20088 | -3/Quarantine | Destroyed Executioner 20095 | -3/Quarantine | Core integrity fell below 20% 20095 | -3/Quarantine | Destroyed Executioner 20128 | -3/Quarantine | Destroyed 34 combat bots 20248 | -3/Quarantine | Spotted Executioner 20248 | -3/Quarantine | Spotted Investigator 20258 | -3/Quarantine | Spotted Executioner 20258 | -3/Quarantine | Spotted Executioner 20259 | -3/Quarantine | Destroyed Investigator 20276 | -3/Quarantine | Destroyed Executioner 20283 | -3/Quarantine | System corruption reached 10% 20286 | -3/Quarantine | Destroyed Executioner 20289 | -3/Quarantine | Destroyed by H-77 Assassin with Coil Gun Last Messages --------------- 20283_ I-47 Archangel destroyed. 20284_ Acquired 16 matter. 20284_ B6>RO,R ID7VBT>MN :#C 20284_ Penetrated by Slug. 20285_ Acquired 16 matter. 20285_ Penetrated by Slug. 20285_ Slug penetrates Terminal. 20285_ Slug penetrates Wall. 20285_ Penetrated by Slug. 20285_ Slug penetrates Wall. 20285_ Penetrated by Slug. 20286_ Acquired 1 matter. 20286_ Executioner destroyed. 20287_ Acquired 16 matter. 20288_ Penetrated by Slug. 20288_ Slug penetrates Wall. 20288_ Penetrated by Slug. 20289_ Acquired 1 matter. 20289_ Protomatter-65 decays. 20289_ Slug penetrates G-73 Enforcer. Map ----- +----------------------------------------------------+ | ?#?#?##?##?#?####??#?###?#?##### %! "" | | #?#??##???##?#?#######?##?###### = "T | | ##?#??############################# %####### "" | | ??###?#! [ ########## "%# !# ?"? | | ?####?# "" ## # "# ? # | | ####### "" ## """" # " ""# | | # " " T" ## ""S"" # % # ""# ? | | #= """ """ "" ## " ""]% % " ""# | | # """" """" !""*;#! % " %" T##"T# | | / "" """!![[ = =#[] / "%" " ""##""# | | # !=!!=[|!![[[;=*%^!%"# ""###?? | | """" #"###""" =%#!! = %|%%[!= % " "##### | | """ " " = ! ! == *=!!%[!!*= " ##### | | """"" " = =*= =!= !==|[%%==% ""####### | | """"" " = ! |*== !! =%%!!=!*%= #"""###### | | """!" # = != ![ !*=%!!!]%/% " = | | """"" ####+#" == !// =*%|!%!%*=!=; | | """"" " !=* =*=%![=%==!%=|; | | """! " [ [==/==%%%%h!/!%%*!* "" "" | | """ " ! ==!%]==!|=h=!|[%%!!! """ "" | | # ;;/ ===!/m%[[=**%%%%!%= """ "" | | ######" ##! !=!gp!%Eg!*%!!%%/! "" "" | | #??###?####;;;#### ## =!%m/*hmm%!!%!%% "" "" | | #?#?###?#### # % !/%=!gggm%!=[%; """ "" | | ####??#??### ! ; **=%*!!=g=h!%=]%# "" "" | | ############ ; /!@*%/%/g%!%!* ; | | ?##??#######]] " ; *! *==![h!!=[ ; | | ##??########]] "" ; !%=/%==g!%==! ;########## | | ?###?####?##]] ; *=[%==h!*[/[ | | #####?????## ; /%/*########### | | #???##?#?### " ; ;;######;##;#;#####?##### | | ?????#####?# ; ;##### ######? | | ?###?#?##?#;;###;;;;; ##?### ##?#### | | ?##??###### ###### """ """ ####??# | | ??##?###### ####?# """ """ ####### | | ??##?###??# ###### """ """ ####### | | ?####?###?# ###### #?##?## | | ??##?#?######;;;;;###;;######## ! ####??# | | ???#??##?# # ###??#### ######? | | ?##??##??# # #??######? ####### | | ###??##??# ####??####?#?"" "" ? ?####### | | ??#?#?##?# """ """ ########?#?# ""S"" ######? | | ?###?##??# """ """ ##?#?#?#?#?# ""?" ###??## | | ????????## """ """ #?##?##??#?#?##########?####### | | ###??????# ###?#??###?#?#######??##????##? | | ?????????# ! |#######?#####?#??##??####??#### | | ?????#???###########?????#?#??#?####???######?##?# | | ????#???#????##?#??##?#?######?###??#?#####??##??# | | ??#??#?#?#????????????#?###?####?####???#?##?###?? | | ???##??#??#?###?#?????#####??#####?#??#?####?#?##? | +----------------------------------------------------+ Best States ------------- Heat Dissipation 103 Energy Generation 75 Energy Capacity 1700 Matter Stores 1000 Matter Capacity 1000 Sight Range 25 Terrain Scan Range 30 Terrain Scan Density 310 Power Amplification 30 Armor Coverage 225 Resistance: KI 20 Resistance: TH 20 Resistance: EX 10 Weapon Cycling 20 Evasion (%) 68 Targeting Accuracy 12 Target Analysis 6 Core Analysis 15 Recoil Reduction 2 Matter Filtering 30 Kinecelleration 50 Salvage Targeting 4 Offensive Hacking 15 Defensive Hacking 19 Item Schematics ----------------- Imp. Plasma Cutter | -7/Factory | Hacked Enh. Gauss Cannon | -7/Factory | Hacked Plasma Sword | -7/Data Miner | Free Cloaking Device | -7/Data Miner | Free Exp. Transmission Jammer | -7/Data Miner | Free Exp. Terrain Scanner | -7/Data Miner | Free Exp. Cesium-ion Thruster | -7/Data Miner | Free Lgt. Regenerative Plating | -7/Data Miner | Free Combat Drone Bay | -7/Data Miner | Free Cld. Impulse Thruster | -6/Factory | Downloaded Imp. Core Analyzer | -5/Factory | Hacked Recoil Nullifier | -5/Factory | Hacked Cmb. Linear Gravjet | -3/Research | Hacked Adv. Heavy Siege Treads | -3/Research | Hacked Robot Schematics ------------------ S-27 Virus | -7/Data Miner | Free G-67 Veteran | -7/Data Miner | Free X-72 Disruptor | -7/Data Miner | Free H-66 Slayer | -7/Data Miner | Free I-36 Angel | -7/Data Miner | Free Fabricated ------------ Exp. Terrain Scanner | x1 | -6/Factory G-67 Veteran | x3 | -6/Factory G-67 Veteran | x3 | -6/Factory Imp. Force Field | x2 | -5/Factory | Preloaded S-43 Plague | x4 | -3/Research | Preloaded Alien Tech Used ----------------- None Achievements -------------- None Challenges ------------ None RPGLIKE | -11 -10 -10 -9 -9 -9 -8 -8 -7 -7 -7 -7 -6 -6 -6 -6 -6 -6 -5 -5 -5 -5 -5 -4 -4 -4 -4 -3 -3 --------- Run | Scr Mat Min Mat Min Exi Min Mat Fac Low Low Dat Pro Fac Low Low Zio Dee Pro Fac Upp Upp War Pro Fac Arm Lab Res Qua Levels Raised 30 | . . . 3 2 . 1 3 7 . 1 . 1 3 . . . . 1 2 . . 1 1 . 1 . 1 2 XP Earned 48531 | 3000 70 850 4692 2062 350 2280 3876 10377 414 585 105 1742 4934 190 215 73 170 1148 2824 312 199 1264 753 574 1376 352 942 2802 XP Spent 47835 | 2955 . . 800 2275 1300 600 1300 9475 . 790 . 1775 10610 . 800 . 1620 . 2600 . 290 2020 . . 1700 . . 6925 Upgrades 94 | 17 . . 1 8 2 1 2 14 . 4 . 3 12 . 1 . 3 . 1 . 1 6 . . 1 . . 17 Power Slot 1 | . . . . . . . . 1 . . . . . . . . . . . . . . . . . . . . Propulsion Slot 3 | 1 . . . . . . . 1 . . . . . . . . 1 . . . . . . . . . . . Utility Slot 8 | . . . . 1 . . 1 2 . . . . 3 . . . . . 1 . . . . . . . . . Weapon Slot 7 | 1 . . 1 . 1 . . . . . . . . . . . . . . . . 1 . . 1 . . 2 Core Integrity 23 | 3 . . . 1 . . . . . . . . . . . . . . . . . 4 . . . . . 15 Heat Dissipation 13 | 6 . . . 1 . . . . . 1 . . 2 . . . 2 . . . 1 . . . . . . . Energy Generation 1 | . . . . . . . . . . 1 . . . . . . . . . . . . . . . . . . Matter Storage 4 | . . . . . 1 . . 1 . . . 2 . . . . . . . . . . . . . . . . Mass Support 1 | 1 . . . . . . . . . . . . . . . . . . . . . . . . . . . . Inventory Capacity 6 | 1 . . . . . . 1 2 . . . 1 1 . . . . . . . . . . . . . . . Sight Range 2 | . . . . . . . . . . 1 . . . . . . . . . . . 1 . . . . . . Terrain Scan Density 3 | . . . . . . . . . . . . . 3 . . . . . . . . . . . . . . . Ranged Accuracy 5 | 1 . . . 1 . 1 . 1 . . . . . . 1 . . . . . . . . . . . . . Hack Attack % 1 | . . . . . . . . 1 . . . . . . . . . . . . . . . . . . . . Hack Defense % 1 | . . . . . . . . 1 . . . . . . . . . . . . . . . . . . . . KI Resistance % 4 | 1 . . . 1 . . . 2 . . . . . . . . . . . . . . . . . . . . TH Resistance % 4 | 1 . . . 1 . . . 2 . . . . . . . . . . . . . . . . . . . . EX Resistance % 2 | . . . . 2 . . . . . . . . . . . . . . . . . . . . . . . . KI Damage % 4 | . . . . . . . . . . 1 . . 3 . . . . . . . . . . . . . . . TH Damage % 1 | 1 . . . . . . . . . . . . . . . . . . . . . . . . . . . . Protomatter Created 16191 | . . 12 351 135 . 229 209 1662 234 291 . 270 2108 279 94 322 358 401 2998 116 241 2113 468 160 716 . 52 2372 Integrity Restored 14175 | . . 36 896 502 . 233 113 848 305 294 . 247 2364 121 107 83 1183 207 1349 143 121 2026 121 67 203 . 46 2560 Core 10776 | . . 36 896 463 . 115 82 571 237 229 . 111 1646 82 61 49 904 158 959 111 96 1408 95 58 159 . 38 2212 Parts 3399 | . . . . 39 . 118 31 277 68 65 . 136 718 39 46 34 279 49 390 32 25 618 26 9 44 . 8 348 Protomatter Decayed 10958 | . . . 11 140 . . 118 1144 109 209 . 228 1325 274 45 229 158 117 2436 61 245 1925 469 96 839 . 35 745 Game ------ Seed PropulsionThiefClaws Manual? 0 Play Time 04:06:20 Cumulative 513.0 hours Start 2021.07.01 @ 15:14:29 End 2021.07.01 @ 19:24:32 Sessions 1 Manual Loads 0 Difficulty Rogue Special Mode Winter2019/RPGLIKE Game No. 183 Rogue 183 Adventurer 0 Explorer 0 Win Type - Total 38 Types 24/2/7/2/2/0/0/0/1 Lore% 87 Gallery% 93 Achievement% 83 Wizard Run 0 Options --------- ASCII 0 Keyboard 0 Movement Mouse Keybinds 0 Fullscreen 2 Font 12/Smallcaps Map View 83x54 Tactical HUD 1 Map Filters NONE Filters NONE Steam X RUN: 86bfb0af-eb62-4826-802e-26bfb633fad2